Map: Pillars of Gold LE

Players

AxJay

  • Race: Terran Terran
  • League: Silver
  • Spawn Location: 7:00

Evolved - Winner!

  • Race: Zerg Zerg
  • League: Gold
  • Spawn Location: 1:00

VOD

Have the link to the VOD?

Description

Time

  • Played on: Oct. 7, 2020, 9:23 a.m.
  • Length: 19:32
Show
View Real Time Build Order
Export as new Build Order

AxJay Terran 

Build Orders:  

Get SALT Encoding   

  12  0:01  SCV  
  13  0:13  SCV  
  14  0:18  Supply Depot  
  14  0:25  SCV  
  15  0:39  SCV  
  15  0:42  Barracks  
  16  0:51  SCV  
  16  0:56  Refinery  
  17  1:03  SCV  
  18  1:16  SCV  
  19  1:29  Orbital Command  
  19  1:30  Marine  
  19  1:31  Supply Depot  
  20  1:45  Refinery  
  20  1:49  Barracks Reactor  
  20  2:01  Command Center  
  20  2:05  SCV  
  20  2:18  SCV, Factory  
  20  2:27  Marine x2  
  22  2:45  Marine x2  
  24  2:58  SCV  
  24  3:04  Command Center  
  25  3:08  Marine  
  25  3:09  Marine  
  25  3:10  SCV  
  28  3:20  Factory Reactor  
  28  3:28  Starport  
  28  3:30  SCV  
  29  3:36  Marine x2  
  31  3:51  Engineering Bay  
  31  3:56  Engineering Bay  
  31  4:08  Barracks  
  31  4:11  Factory Tech Lab  
  31  4:15  Medivac  
  31  4:16  Medivac  
  35  4:24  Orbital Command  
  35  4:35  Supply Depot  
  35  4:40  Marine x2  
  37  4:57  Orbital Command, Barracks Tech Lab  
  37  5:00  Marine x2  
  39  5:19  SCV  
  40  5:24  Bunker  
  40  5:31  SCV  
  41  5:57  SCV x2  
  41  5:59  Terran Infantry Weapons Level 1, Terran Infantry Armor Level 1  
  43  6:05  Marine x2  
  43  6:09  SCV x2, Marine  
  43  6:11  Liberator  
  48  6:12  Medivac  
  53  6:19  Supply Depot  
  53  6:23  Marine  
  54  6:33  Supply Depot  
  54  6:36  Missile Turret  
  54  6:40  Missile Turret  
  54  6:41  SCV x2, Marine, Siege Tank  
  54  6:42  Supply Depot  
  60  6:53  SCV x2  
  62  7:08  Supply Depot  
  62  7:10  Supply Depot  
  62  7:13  SCV, Widow Mine  
  62  7:14  SCV  
  66  7:20  Marine  
  66  7:21  Marine x2  
  66  7:22  Stimpack  
  69  7:31  Barracks  
  69  7:33  Barracks  
  69  7:35  Widow Mine  
  69  7:36  Armory  
  51  8:02  Marine x3  
  51  8:05  Cyclone  
  57  8:16  Missile Turret  
  57  8:19  Marine  
  57  8:20  Marine x2  
  57  8:23  Missile Turret  
  57  8:25  SCV x2  
  62  8:31  Missile Turret  
  62  8:34  Missile Turret  
  62  8:37  SCV x2  
  61  8:42  Armory  
  61  8:49  SCV  
  62  9:02  Combat Shield  
  62  9:09  SCV x2  
  64  9:14  Refinery  
  64  9:17  Refinery  
  64  9:21  SCV x2  
  60  10:00  Barracks Reactor, Barracks Tech Lab  
  62  10:07  Widow Mine  
  62  10:08  Missile Turret  
  62  10:12  SCV x2  
  64  10:24  SCV x2  
  68  10:28  Widow Mine  
  68  10:36  SCV x2  
  68  10:42  Marine  
  70  10:43  Marine x5  
  76  10:53  Supply Depot  
  76  10:54  Supply Depot  
  76  10:56  Missile Turret x2  
  76  11:00  Marine  
  76  11:01  Terran Infantry Armor Level 2, Marine, Terran Infantry Weapons Level 2  
  78  11:14  Medivac, Marine x4  
  78  11:16  Supply Depot x3  
  78  11:18  Marine x2  
  84  11:24  Widow Mine  
  88  11:32  Marine x4  
  92  11:36  Marine x2  
  94  11:43  SCV x2  
  94  11:44  Command Center  
  94  11:46  Widow Mine  
  98  11:50  Marine x4  
  98  11:54  Marine  
  102  11:55  SCV x2, Medivac x2  
  109  12:08  SCV  
  109  12:09  SCV  
  111  12:25  Medivac x2  
  115  12:43  SCV x2, Missile Turret  
  117  12:44  Refinery  
  117  12:46  Refinery, Missile Turret  
  117  12:55  SCV x2  
  119  13:06  Missile Turret  
  119  13:08  Missile Turret  
  119  13:09  Supply Depot  
  119  13:13  Supply Depot  
  119  13:17  Terran Infantry Weapons Level 3  
  119  13:18  Terran Infantry Armor Level 3  
  119  13:20  Marine x3  
  119  13:23  Marine  
  123  13:28  Orbital Command  
  123  13:35  Supply Depot  
  123  13:56  SCV x2  
  123  13:57  SCV  
  126  14:06  Supply Depot  
  126  14:07  Supply Depot  
  126  14:25  Viking x2  
  126  14:29  Missile Turret  
  118  14:55  Viking x2  
  86  15:41  Viking x2  
  86  15:42  Marine  
  78  15:43  Marine x5  
  67  15:52  Missile Turret  
  67  15:54  Missile Turret  
  67  15:56  Missile Turret x2  
  66  16:00  Marine x6  
  66  16:01  Missile Turret  
  72  16:11  Viking x2  
  74  16:18  Marine x6  
  80  16:35  Marine  
  80  16:36  Marine x5  
  83  16:53  Marine  
  83  16:54  Marine x5  
  89  17:09  Command Center  
  89  17:11  Marine  
  89  17:12  Marine x5  
  85  17:16  Viking x2  
  65  17:29  Marine x3  
  65  17:46  Viking  
Show
View Real Time Build Order
Export as new Build Order

Evolved Zerg - Winner!

Build Orders: Pool First, Brood Lord Corruptor 

Get SALT Encoding   

  12  0:18  Spawning Pool  
  11  0:24  Extractor  
  11  0:25  Drone  
  11  0:30  Drone  
  11  0:35  Drone  
  13  0:40  Drone  
  14  0:50  Overlord  
  14  1:08  Queen  
  16  1:20  Zergling x2  
  16  1:21  Zergling x4  
  19  1:41  Metabolic Boost  
  19  1:52  Drone x2  
  21  1:54  Drone  
  22  2:35  Hatchery  
  21  2:37  Lair  
  21  2:40  Drone  
  21  2:42  Overlord  
  21  3:02  Drone x3  
  24  3:11  Drone x3  
  27  3:16  Extractor  
  26  3:44  Spire  
  26  3:47  Queen  
  27  3:51  Drone  
  28  3:57  Drone x2  
  28  3:58  Drone x4  
  34  4:17  Extractor  
  33  4:20  Extractor  
  33  4:23  Drone x3  
  35  4:42  Overlord  
  35  4:43  Overlord x2  
  35  5:01  Drone  
  35  5:02  Drone x4  
  40  5:29  Overlord x3  
  39  5:45  Mutalisk  
  39  5:46  Mutalisk x7  
  51  6:35  Mutalisk x2  
  51  6:36  Mutalisk x3  
  61  6:44  Drone x5  
  66  6:58  Hatchery  
  65  7:24  Drone x5  
  59  8:08  Mutalisk  
  59  8:09  Mutalisk x8  
  76  8:47  Infestation Pit  
  75  8:49  Drone  
  75  8:50  Drone x4  
  80  9:09  Queen  
  82  9:11  Drone x3  
  77  9:34  Hatchery  
  72  9:59  Hive  
  73  10:07  Drone x5  
  73  10:08  Drone  
  73  10:10  Drone x2  
  80  10:27  Extractor  
  80  10:28  Drone x3  
  80  10:30  Extractor  
  81  10:42  Overlord x4  
  81  10:43  Overlord x2  
  81  10:44  Drone x4  
  81  10:49  Queen  
  87  10:56  Drone x5  
  92  11:20  Greater Spire  
  92  11:29  Evolution Chamber  
  92  11:31  Evolution Chamber  
  90  11:36  Drone  
  90  11:37  Drone x4  
  95  11:44  Drone x2  
  95  11:45  Drone  
  98  11:51  Overlord x4  
  98  11:52  Overlord  
  98  12:20  Corruptor x7  
  98  12:21  Corruptor x13  
  138  12:31  Extractor  
  138  12:33  Extractor  
  138  12:34  Drone x4  
  140  12:46  Zerg Flyer Weapons Level 1  
  140  12:48  Zerg Melee Weapons Level 1  
  140  13:03  Drone  
  140  13:04  Drone x5  
  146  13:44  Brood Lord x5  
  146  13:45  Brood Lord x2  
  160  13:55  Zerg Ground Armor Level 1  
  160  14:40  Zerg Flyer Armor Level 1  
  134  16:05  Brood Lord x3  
  134  16:06  Brood Lord x3  
  134  16:11  Corruptor x7  
  146  16:12  Corruptor x11  
  182  16:19  Zerg Melee Weapons Level 2  
  182  16:52  Overseer x4  
  182  16:55  Pneumatized Carapace  
Tags
 
Add a new tag
Caveats
  • Supply blocks, unpowered buildings, or Contaminate may cause inaccurate times.
  • Supply counts are checked every 10 seconds.